 Dungeon Crawl Stone Soup version 0.32-a0-791-gfc315c9ecd (webtiles) character file.

Game seed: 16402700869742683073

7261 Kenran the Grappler (level 10, -11/72 (88) HPs)
             Began as a Minotaur Ice Elementalist on Mar 20, 2024.
             Was an Initiate of Gozag.
             Killed from afar by a laughing skull (19 damage)
             ... with a bolt of negative energy
             ... on level 1 of the Abyss.
             The game lasted 00:18:31 (7751 turns).

Kenran the Grappler (Minotaur Ice Elementalist)     Turns: 7751, Time: 00:18:32

HP:   -11/72 (88)   AC: 13    Str: 18    XL:     10   Next: 88%
MP:   11/11         EV:  5    Int: 12    God:    Gozag
Gold: 2793          SH: 16    Dex: 16    Spells: 10/11 levels left

rFire   . .          .
                       - Unarmed
rCold   . . .        p - +2 tower shield
rNeg    . . .        E - +1 chain mail {Will+}
rPois   .            (helmet restricted)
rElec   .            (no cloak)
rCorr   .            A - +0 pair of gloves
SInv    .            (no boots)
Will    +....        i - amulet of regeneration Stlth
                     y - +6 ring of dexterity
HPRegen 1.12/turn    (no ring)
MPRegen 0.12/turn

%: no passive effects
@: heavily drained
A: horns 2, retaliatory headbutt
a: Renounce Religion, Potion Petition, Call Merchant, Bribe Branch


You were on level 1 of the Abyss.
You worshipped Gozag.
Gozag was most pleased with you.
You visited 1 branch of the dungeon, and saw 10 of its levels.
You visited the Abyss 1 time.
You also visited: Bailey.

You collected 2843 gold pieces.
You spent 50 gold pieces at shops.

Inventory:

Armour
 p - a +2 tower shield (worn)
 A - a +0 pair of gloves (worn)
 E - a +1 chain mail of willpower (worn)
Jewellery
 h - a ring of fire
 i - an amulet of regeneration (around neck)
 y - a +6 ring of dexterity (left hand)
Talismans
 a - a flux talisman
 w - a beast talisman
Wands
 j - a wand of flame (36)
 k - a wand of polymorph (8)
Scrolls
 c - a scroll of immolation {unknown}
 g - 3 scrolls of teleportation
 n - a scroll of silence
 o - a scroll of torment {!r}
 q - 2 scrolls of revelation
 r - 5 scrolls of blinking
 s - 2 scrolls of fog
 u - a scroll of noise {unknown}
 D - a scroll of enchant armour {unknown}
Potions
 b - a potion of magic
 d - a potion of heal wounds {@q2}
 e - 2 potions of cancellation {unknown}
 f - 3 potions of ambrosia
 l - 5 potions of curing {@q1}
 m - 2 potions of haste {unknown}
 t - 2 potions of invisibility {unknown}
 v - 2 potions of berserk rage {unknown}
 x - a potion of attraction {unknown}
 z - a potion of degeneration {unknown}
 B - a potion of enlightenment {unknown}


   Skills:
 - Level 8.0 Fighting
 - Level 8.0 Armour
 - Level 2.1 Dodging
 - Level 1.5 Stealth
 - Level 6.0 Shields
 + Level 13.8 Unarmed Combat
 - Level 1.3 Spellcasting
 - Level 2.9 Ice Magic


You had 10 spell levels left.
You knew the following spells:

 Your Spells              Type           Power      Damage    Failure   Level
a - Freeze                Ice            28%        1d5       99%         1

Your spell library contained the following spells:

 Spells                   Type           Power      Damage    Failure   Level
 Foxfire                  Conj/Fire      0%         2x1d4     100%        1
 Cigotuvi's Dreadful Rot  Necr/Alch/Air  0%         N/A       100%        2
 Frozen Ramparts          Ice            14%        1d3       100%        3
 Ozocubu's Armour         Ice            7%         N/A       100%        3
 Summon Ice Beast         Ice/Summ       4%         N/A       100%        3
 Ignite Poison            Fire/Alch      0%         N/A       100%        4
 Freezing Cloud           Conj/Ice/Air   1%         6-21      100%        5
 Conjure Ball Lightning   Conj/Air       0%         3x3d6     100%        6
 Plasma Beam              Fire/Air       0%         2x1d10    100%        6
 Starburst                Conj/Fire      0%         6d3       100%        6
 Discord                  Hex            0%         N/A       100%        8
 Disjunction              Tloc           0%         N/A       100%        8


Dungeon Overview and Level Annotations

Branches:
Dungeon (10/15)            Temple (0/1) D:6          Bailey (visited)
   Lair: D:8-11         Orc: D:9-12

Altars:
Cheibriados
Dithmenos
Gozag
Hepliaklqana
Makhleb
Trog
Wu Jian
Xom
The Shining One

Shops:
D:4 !   D:9 *

Annotations:
D:6 exclusion: oklob plant
D:7 exclusion: downstairs
D:9 3 runed translucent doors, exclusion: obsidian statue, voshxx's ghost, novice MiFi


Innate Abilities, Weirdness & Mutations

You have a pair of horns on your head.
You reflexively headbutt those who attack you in melee.


Message History

A balrug comes into view.
It is wielding a +0 demon whip of electrocution.
The large abomination hits you!!
* * * LOW HITPOINT WARNING * * *
The laughing skull gives a hideous shriek!
The laughing skull attacks as it pursues you!
You block the laughing skull's attack.
The large abomination attacks as it pursues you!
You block the large abomination's attack.
You feel much better.
The laughing skull gibbers with scorn.
The bolt of negative energy hits the laughing skull.
The laughing skull completely resists.
The bolt of negative energy hits the large abomination.
The large abomination completely resists.
The bolt of negative energy hits you!
You feel drained. You block the laughing skull's attack.
A ynoxinul comes into view.
You block the laughing skull's attack.
The large abomination barely misses you.
The laughing skull attacks as it pursues you!
You block the laughing skull's attack. x2
The laughing skull lets out a vicious peal of laugher.
The bolt of negative energy misses the laughing skull.
The bolt of negative energy hits the laughing skull.
The laughing skull completely resists.
The bolt of negative energy hits you!!
You feel drained.
* * * LOW HITPOINT WARNING * * *
You block the laughing skull's attack.
Blink to where?
Press: ? - help, Dir - move target, p - large abomination
Okay, then.
As you read the scroll labelled IWNAEK HANATTO, it crumbles to dust.
Your body is wracked with pain!
* * * LOW HITPOINT WARNING * * *
It was a scroll of torment.
The laughing skull lets out a vicious peal of laugher.
The bolt of negative energy hits you!!
You feel drained.
You die...
The laughing skull crumbles to pieces from sheer joy.
Your body crumbles into a pile of gold.

≣ ≣.≣≣ . ≣
.░ ░ ..≣≣
# . #.
..#. .≣ .
# ... # .
## ≣ ≣≣ ≣
..# . . #
### # ..▓░
. . #░░..░
.≣ . # #
#≣.≣..≣≣.≣
# #.
#@z≣..≣.≣
. . .
#≣zzX.3.≣≣
≣≣.≣....≣
.## .#
▓▓≣≣2...░
. . ...##
. ░ .....
....≣.. .
...2..≣ .
≣≣≣.≣≣≣


You could see a balrug, a large abomination, a ynoxinul and 3 laughing skulls.

Vanquished Creatures
  A large abomination (Abyss:1)
  A gargoyle (D:10)
  Maggie (D:9)
  Psyche (D:9)
  A hornet (D:9)
  Prince Ribbit (D:6)
  8 yaks
  Eustachio (D:5)
  Grum (D:9)
  Menkaure (D:6)
  A steam dragon (D:8)
  Edmund (D:6)
  A water moccasin (D:6)
  Duvessa (D:5)
  2 black bears
  An orc warrior (Bailey)
  A sky beast (Abyss:1)
  A small abomination (Abyss:1)
  4 wolves (D:9)
  3 phantoms
  Blork the orc (D:6)
  8 kobold brigands
  A weeping skull (Abyss:1)
  3 bullfrogs
  A gnoll sergeant (D:8)
  2 scorpions
  Dowan (D:5)
  3 killer bees (D:9)
  9 howler monkeys
  A bombardier beetle (D:3)
  3 hounds
  3 orc priests
  8 jellies (D:6)
  An iron imp (Abyss:1)
  A sleepcap (D:7)
  A human skeleton (D:4)
  An iguana (D:4)
  5 orc wizards
  A hound skeleton (D:4)
  A mummy (D:4)
  Robin (D:2)
  9 gnolls
  3 adders (D:4)
  4 white imps
  2 ufetubi (D:6)
  A dart slug (D:1)
  2 ribbon worms
  21 orcs
  7 ball pythons
  19 endoplasms
  3 giant cockroaches
  18 goblins
  8 hobgoblins
  2 jackals (D:1)
  16 kobolds
  5 quokkas
  5 bats
  3 frilled lizards
  2 hobgoblin zombies (D:4)
  2 orc zombies (D:4)
  5 rats
226 creatures vanquished.

Vanquished Creatures (others)
  An orc wizard (D:9)
1 creature vanquished.

Grand Total: 227 creatures vanquished

Notes
Turn   | Place    | Note
-------+----------+-------------------------------------------
     0 | D:1      | Kenran the Minotaur Ice Elementalist began the quest for
                  | the Orb.
     0 | D:1      | Reached XP level 1. HP: 14/14 MP: 1/1
    74 | D:1      | Reached skill level 1 in Unarmed Combat
   226 | D:1      | Reached XP level 2. HP: 20/20 MP: 3/3
   229 | D:1      | Reached skill level 2 in Unarmed Combat
   633 | D:1      | Found a faded altar of an unknown god.
   636 | D:1      | Prayed at the altar of an unknown god.
   636 | D:1      | Became a worshipper of Gozag Ym Sagoz the Greedy
   666 | D:1      | Reached skill level 3 in Unarmed Combat
   666 | D:1      | Reached XP level 3. HP: 21/26 MP: 4/4
   790 | D:2      | Noticed Robin
  1148 | D:2      | Killed Robin
  1156 | D:2      | Reached skill level 4 in Unarmed Combat
  1165 | D:2      | Reached XP level 4. HP: 33/33 MP: 5/5
  1506 | D:3      | Noticed a black bear
  1552 | D:4      | Reached skill level 5 in Unarmed Combat
  1552 | D:4      | Noticed a bullfrog
  1559 | D:4      | Killed a bullfrog
  1560 | D:4      | Reached XP level 5. HP: 31/38 MP: 6/6
  1572 | D:4      | Reached skill level 6 in Unarmed Combat
  1612 | D:4      | Noticed a black bear
  1626 | D:4      | Killed a black bear
  1627 | D:4      | Reached XP level 6. HP: 33/45 MP: 7/7
  1669 | D:4      | Reached skill level 7 in Unarmed Combat
  1755 | D:4      | Found Somyfuot's Distillery.
  1813 | D:4      | Bought a potion of heal wounds for 50 gold pieces
  2269 | D:4      | Found a burning altar of Makhleb.
  2281 | D:4      | Reached skill level 8 in Unarmed Combat
  2281 | D:4      | Reached XP level 7. HP: 50/50 MP: 8/8
  2764 | D:3      | Reached skill level 1 in Fighting
  3022 | D:3      | Found a hazy altar of Hepliaklqana.
  3105 | D:5      | Entered Level 5 of the Dungeon
  3105 | D:5      | Noticed Duvessa
  3106 | D:5      | Noticed Dowan
  3287 | D:5      | Noticed Eustachio
  3310 | D:5      | Killed Eustachio
  3541 | D:5      | Found a shadowy altar of Dithmenos.
  3543 | D:5      | Found an ornate altar of the Wu Jian Council.
  3546 | D:5      | Found a bloodstained altar of Trog.
  3734 | D:5      | Killed Duvessa
  3735 | D:5      | Reached XP level 8. HP: 66/66 MP: 9/9
  3741 | D:5      | Killed Dowan
  3926 | D:6      | Reached skill level 9 in Unarmed Combat
  3991 | D:6      | Noticed Edmund
  4000 | D:6      | Killed Edmund
  4001 | D:6      | Reached skill level 10 in Unarmed Combat
  4165 | D:6      | Found a shimmering altar of Xom.
  4375 | D:6      | Noticed Blork the orc
  4434 | D:6      | Killed Blork the orc
  4488 | D:6      | Found a staircase to the Ecumenical Temple.
  4504 | D:6      | Noticed Menkaure
  4512 | D:6      | Killed Menkaure
  4513 | D:6      | Reached skill level 11 in Unarmed Combat
  4592 | D:6      | Noticed Prince Ribbit
  4602 | D:6      | Killed Prince Ribbit
  4603 | D:6      | Reached XP level 9. HP: 68/71 MP: 10/10
  4749 | D:6      | Noticed an oklob plant
  4900 | D:6      | Reached skill level 12 in Unarmed Combat
  4904 | D:6      | Reached skill level 1 in Shields
  5076 | D:7      | Identified the +2 robe "Emiasmoc" {Str+3}
  5204 | D:7      | Found a flagged portal.
  5224 | Bailey   | Entered a bailey
  5342 | Bailey   | Identified the +4 great mace of the Wraith {antimagic, rN+
                  | Int+4}
  5371 | Bailey   | Reached skill level 5 in Shields
  5400 | Bailey   | Found the +8 pair of quick blades "Gyre" and "Gimble"
                  | {protect}
  5401 | Bailey   | Found an iron altar of Okawaru.
  5772 | D:7      | Reached skill level 5 in Fighting
  5782 | D:7      | Reached skill level 5 in Armour
  5930 | D:8      | Noticed a two-headed ogre
  6218 | D:8      | Reached XP level 10. HP: 84/84 MP: 11/11
  6845 | D:9      | Found a runed translucent gate.
  6845 | D:9      | Found a runed translucent gate.
  6850 | D:9      | Paralysed by a hornet for 1 turns
  6861 | D:9      | Found an opulent altar of Gozag.
  6861 | D:9      | Found a runed translucent gate.
  6862 | D:9      | Noticed an obsidian statue
  6864 | D:9      | Noticed voshxx's ghost (novice MiFi)
  6864 | D:9      | Noticed a manticore
  6864 | D:9      | Noticed a centaur warrior
  6893 | D:9      | Noticed Maggie
  6894 | D:9      | Noticed Psyche
  6903 | D:9      | Killed Maggie
  6911 | D:9      | Killed Psyche
  7099 | D:9      | Noticed Grum
  7113 | D:9      | Killed Grum
  7234 | D:9      | Found Riqybeudu's Assorted Antiques.
  7258 | D:9      | Identified the +5 hand axe "Bianuis" {drain, *Corrode rPois
                  | rF+ Str+6}
  7262 | D:9      | Identified the +4 hand axe "Hutorgh" {drain, rPois}
  7364 | D:9      | Found a snail-covered altar of Cheibriados.
  7365 | D:9      | Found a glowing golden altar of the Shining One.
  7455 | D:10     | Entered Level 10 of the Dungeon
  7458 | D:10     | Noticed a gargoyle
  7476 | D:10     | Killed a gargoyle
  7477 | D:10     | Reached skill level 13 in Unarmed Combat
  7555 | Abyss:1  | Found a corrupted altar of Lugonu.
  7555 | Abyss:1  | Cast into level 1 of the Abyss (orc priest)
  7614 | Abyss:1  | Found a corrupted altar of Lugonu.
  7618 | Abyss:1  | Found a corrupted altar of Lugonu.
  7657 | Abyss:1  | Noticed a large abomination
  7674 | Abyss:1  | Killed a large abomination
  7737 | Abyss:1  | Noticed a large abomination
  7745 | Abyss:1  | Noticed a balrug
  7751 | Abyss:1  | Killed from afar by a laughing skull

Illustrated notes

Levels and vault maps discovered:
D:1:      grunt_arrival_crossed_arrows, layout_basic,
          shapermc_ecumenical_altar_mp_vishouse
D:2:      layout_rooms, minmay_misc_feat_chi, uniq_robin
D:3:      layout_basic, mainiacjoe_overflow_chevrons, corner_web_ring
D:4:      layout_basic, makhleb_blood_cavern_becter, serial_shops,
          nicolae_shop_statue_plus, minmay_mini_ossuary
D:5:      layout_loops_cross, minitemple, uniq_eustachio, uniq_duvessa
D:6:      lemuel_slime, layout_basic, mainiacjoe_overflow_brackets,
          minmay_temple_entry_slanted, uniq_blork_the_orc, uniq_menkaure,
          uniq_prince_ribbit1, uniq_edmund
D:7:      nicolae_BIG_FREAKIN_CUBE, layout_loops_cross, enter_bailey_3,
          kennysheep_path_1
D:8:      layout_loops_corners
D:9:      layout_big_octagon, mainiacjoe_overflow_divided_tiny,
          ebering_ghost_gozag, evilmike_butchery, uniq_maggie, uniq_psyche,
          uniq_grum
D:10:     layout_irregular_city, jmf_multi_god_temple, hellmonk_lair_entry_icy,
          minmay_door_square, moated_statue, minmay_librarian, uniq_maurice
Abyss:1:  base:
D:1

Skill      XL: |  1  2  3  4  5  6  7  8  9 10 |
---------------+-------------------------------+-----
Unarmed Combat | 1 3 4 5 6 8 11 12 13 | 13.8
Armour         | 4 6 8 |  8.0
Fighting       | 4 6 8 |  8.0
Shields        | 6 |  6.0
Dodging        | |  2.1
Stealth        | |  1.5
Spellcasting   | |  1.3
Ice Magic      | |  2.9

Action                     |  1- 3 |  4- 6 |  7- 9 | 10-12 || total
---------------------------+-------+-------+-------+-------++-------
  Melee: Unarmed           |   112 |   119 |   349 |   181 ||   761
         Headbutt          |    22 |    26 |    68 |    28 ||   144
         Punch             |     1 |     6 |     1 |       ||     8
  Throw: Dart              |       |       |       |     2 ||     2
   Cast: Freeze            |     5 |       |       |       ||     5
  Evoke: Wand              |       |     1 |       |       ||     1
    Use: Scroll            |       |     3 |     3 |     5 ||    11
         Potion            |       |       |     3 |     4 ||     7
   Stab: Sleeping          |     3 |       |       |       ||     3
         Distracted        |       |     1 |     2 |     1 ||     4
 Armour: Robe              |    68 |     2 |       |       ||    70
         Ring mail         |       |    28 |       |       ||    28
         Scale mail        |       |    45 |    69 |       ||   114
         Skin              |       |       |    10 |     7 ||    17
         Chain mail        |       |       |   128 |    95 ||   223
  Dodge: Dodged            |    57 |    49 |    62 |    22 ||   190
  Block: Tower shield      |       |       |   222 |   165 ||   387

Table legend: (Time is in decaauts)
 A = Elapsed time spent in this place.
 B = Non-inter-level travel time spent in this place.
 C = Inter-level travel time spent in this place.
 D = Time resting spent in this place.
 E = Time spent auto-exploring this place.
 F = Levels seen in this place.
 G = Mean time per level.
                   A        B        C        D        E       F      G
               +--------+--------+--------+--------+--------+-----+--------+
         Total |   7787 |   7431 |    356 |    514 |   4466 |  12 |  648.9 |
       Dungeon |   7353 |   6997 |    356 |    455 |   4436 |  10 |  735.3 |
         Abyss |    198 |    198 |      0 |     46 |     30 |   1 |  198.0 |
        Bailey |    236 |    236 |      0 |     12 |      0 |   1 |  236.0 |
               +--------+--------+--------+--------+--------+-----+--------+

Top non-repeatable levels by time:
     D:6: 1095 daAuts
     D:4: 1026 daAuts
     D:1: 894 daAuts
     D:8: 887 daAuts
     D:5: 793 daAuts
     D:7: 738 daAuts
     D:9: 637 daAuts
     D:3: 635 daAuts
     D:2: 549 daAuts
  Bailey: 236 daAuts
 Abyss:1: 198 daAuts
    D:10: 95 daAuts
